 Dungeon Crawl Stone Soup version 0.30.1-3-gfc49f6343a (webtiles) character file.

Game seed: 15517763475741051821

17 Inchmeat the Ruffian (level 2, -7/28 HPs)
             Began as a Troll Gladiator on July 18, 2023.
             Mangled by Terence
             ... wielding a +2 flail of protection
              (12 damage)
             ... on level 2 of the Dungeon.
             The game lasted 00:01:02 (806 turns).

Inchmeat the Ruffian (Troll Gladiator)               Turns: 806, Time: 00:01:03

Health: -7/28      AC:  5    Str: 21    XL:     2   Next: 44%
Magic:  1/1        EV: 10    Int:  4    God:
Gold:   82         SH:  0    Dex: 11    Spells: 1/1 levels left

rFire   . .          .
                       - Unarmed
rCold   . . .        (no shield)
rNeg    . . .        a - +0 robe
rPois   .            b - +0 hat
rElec   .            e - +0 cloak
rCorr   .            (gloves unavailable)
SInv    .            (boots unavailable)
Will    .....        (no amulet)
Stlth   +            (no ring)
HPRegen 1.04/turn    (no ring)
MPRegen 0.07/turn

%: no passive effects
@: no status effects
A: large, unfitting armour, claws 3, regeneration 1, shaggy fur 1, tough skin 1
a: no special abilities


You were on level 2 of the Dungeon.
You visited 1 branch of the dungeon, and saw 2 of its levels.

You collected 82 gold pieces.

Inventory:

Missiles
 c - 4 throwing nets (quivered)
 d - a large rock
Armour
 a - a +0 robe (worn)
 b - a +0 hat (worn)
 e - a +0 cloak (worn)
Jewellery
 i - a +5 ring of evasion
Scrolls
 f - 2 scrolls of identify {unknown}
Potions
 g - a potion of degeneration {unknown}
 h - a potion of invisibility {unknown}
 j - a potion of lignification {unknown}


   Skills:
 + Level 1.9 Fighting
 + Level 2.0 Throwing
 - Level 2.4 Dodging
 * Level 3.4 Unarmed Combat


You had one spell level left.
You didn't know any spells.
Your spell library was empty.

Dungeon Overview and Level Annotations

Branches:
Dungeon (2/15)

Altars:

Annotations:
D:2 Terence


Innate Abilities, Weirdness & Mutations

You are too large for most types of armour.
You have claws for hands.
Your natural rate of healing is unusually fast.
You are covered in fur. (AC +1)
You have tough skin. (AC +1)


Message History

You kill the endoplasm!
No target in view!
No target in view!
No target in view!
c - 4 throwing nets (gained 1) Terence and a goblin come into view.
Terence is wielding a +2 flail of protection and wearing a +1 chain mail of poison resistance.
Found 10 gold pieces.
There are monsters nearby!
Terence is nearby!
Terence barely misses you.
You barely miss Terence. Terence barely misses you.
You barely miss Terence.
Terence hits you with a +2 flail of protection.
You barely miss Terence. Terence barely misses you.
You barely miss Terence. Terence barely misses you.
You scratch Terence.
Terence is lightly wounded.
Terence barely misses you.
You claw Terence!
Terence is heavily wounded.
Terence hits you with a +2 flail of protection.
The goblin hits you with a +0 club.
You scratch Terence but do no damage.
Terence is heavily wounded.
The goblin hits you with a +0 club.
Terence hits you with a +2 flail of protection.
You claw Terence!
Terence is almost dead.
The goblin barely misses you.
Terence hits you with a +2 flail of protection!
* * * LOW HITPOINT WARNING * * *
You are too injured to fight recklessly!
You are too injured to fight recklessly!
Terence attacks as you move away!
Terence hits you with a +2 flail of protection.
* * * LOW HITPOINT WARNING * * *
Terence attacks as you move away!
Terence hits you with a +2 flail of protection!
You die...

#########..#.#
...###..#.#
#........#
#..####..# #.
#..# # ##.###
#...## #.#..##
#.##.@##
#.###g@## #.#
##..###### ..#
#.......$# ###
#.#.####.#
......
###.#.## #.#..
#?#.#


You could see Terence and a goblin.

Vanquished Creatures
  3 endoplasms
  2 goblins (D:1)
  2 hobgoblins
  3 kobolds (D:1)
  A ball python (D:1)
  3 bats (D:1)
  A frilled lizard (D:1)
  A rat (D:1)
16 creatures vanquished.

Notes
Turn   | Place    | Note
-------+----------+-------------------------------------------
     0 | D:1      | Inchmeat the Troll Gladiator began the quest for the Orb.
     0 | D:1      | Reached XP level 1. HP: 19/19 MP: 0/0
   375 | D:1      | Reached XP level 2. HP: 28/28 MP: 1/1
   792 | D:2      | Noticed Terence
   806 | D:2      | Mangled by Terence

Illustrated notes

Levels and vault maps discovered:
D:1:      nagdon_arrival_double_spiral, layout_loops_ring,
          amcnicky_mini_rare_corridor_liquid
D:2:      layout_basic, basic_altar, st_stairs_10, reono_crystal_passage,
          minmay_split_cup_large, uniq_natasha, uniq_terence

Skill      XL: |  1 |
---------------+----+-----
Throwing       | 2 |  2.0
Fighting       | |  1.9
Dodging        | |  2.4
Unarmed Combat | |  3.4

Action                     || total
---------------------------++-------
  Melee: Unarmed           ||    60
 Armour: Robe              ||    18
  Dodge: Dodged            ||    30
